Map: Terrasses de Prion

Players

bill

  • Race: Protoss Protoss
  • Spawn Location: 5:00

zidar - Winner!

  • Race: Zerg Zerg
  • League: Silver
  • Spawn Location: 11:00

VOD

Have the link to the VOD?

Description

Time

  • Played on: Feb. 5, 2016, 8:04 a.m.
  • Length: 18:45
Show
View Real Time Build Order
Export as new Build Order

bill Protoss 

Build Orders: Dark Templar Rush 

Get SALT Encoding   

  12  0:01  Probe (Chrono Boost)  
  13  0:15  Pylon  
  13  0:18  Probe (Chrono Boost)  
  14  0:34  Gateway  
  14  0:35  Probe (Chrono Boost)  
  15  0:46  Probe (Chrono Boost)  
  16  0:53  Assimilator  
  16  0:56  Probe (Chrono Boost)  
  17  1:07  Probe (Chrono Boost)  
  18  1:17  Probe (Chrono Boost)  
  19  1:22  Assimilator  
  19  1:27  Cybernetics Core  
  19  1:28  Probe (Chrono Boost)  
  19  1:31  Pylon  
  20  1:38  Probe (Chrono Boost), Pylon  
  21  2:06  Warp Gate (Chrono Boost)  
  21  2:12  Gateway  
  21  2:14  Gateway  
  21  2:17  Twilight Council  
  22  2:33  Mothership Core (Chrono Boost)  
  23  2:51  Probe (Chrono Boost)  
  23  3:01  Probe (Chrono Boost)  
  24  3:13  Probe  
  24  3:15  Pylon  
  25  3:50  Dark Shrine  
  25  3:54  Robotics Facility  
  25  4:19  Stalker  
  27  4:43  Gateway  
  27  4:48  Gateway  
  24  5:04  Probe  
  21  5:11  Adept  
  21  5:12  Adept x2  
  27  5:16  Probe  
  28  5:28  Probe  
  20  5:40  Probe  
  11  5:52  Probe  
  11  5:54  Stalker x2  
  11  5:55  Stalker x2  
  18  6:06  Warp Prism (Chrono Boost)  
  20  6:19  Dark Templar x3  
  26  6:46  Probe  
  27  6:58  Probe  
  20  7:10  Probe  
  21  7:22  Probe  
  22  7:34  Probe  
  23  7:47  Probe  
  24  7:59  Probe  
  25  8:11  Probe  
  22  8:23  Probe  
  23  8:30  Stalker  
  23  8:31  Stalker x3  
  31  8:35  Probe  
  30  8:47  Probe  
  31  8:55  Stalker x4  
  31  8:59  Probe  
  38  9:11  Probe  
  39  9:23  Probe  
  40  9:24  Stalker  
  42  9:35  Probe  
  43  9:48  Probe  
  43  9:52  Dark Templar  
  44  10:19  Dark Templar  
  42  11:11  Pylon  
  31  11:53  Pylon  
  25  11:57  Pylon  
  25  12:00  Pylon  
  23  12:03  Pylon  
  22  12:19  Pylon  
  22  12:23  Pylon  
  22  12:28  Stalker x3  
  27  12:54  Zealot x2  
  27  12:55  Zealot  
  31  13:16  Zealot x3  
  33  13:48  Zealot  
  30  14:25  Gateway  
  30  14:26  Gateway  
  30  14:27  Gateway  
  30  14:34  Nexus  
  16  15:57  Zealot x2  
  16  15:58  Zealot  
  12  16:48  Zealot  
Show
View Real Time Build Order
Export as new Build Order

zidar Zerg - Winner!

Build Orders: Pool First 

Get SALT Encoding   

  12  0:01  Drone  
  13  0:12  Overlord  
  13  0:17  Drone  
  14  0:34  Drone x2  
  14  0:35  Drone  
  17  0:47  Spawning Pool  
  17  0:49  Drone  
  17  1:18  Hatchery  
  17  1:22  Drone  
  17  1:25  Extractor  
  16  1:31  Drone  
  16  1:32  Drone  
  18  1:36  Queen  
  20  1:43  Overlord  
  20  2:01  Drone x2  
  22  2:26  Queen  
  22  2:28  Metabolic Boost  
  24  2:39  Drone x4  
  27  3:07  Zergling x2  
  27  3:08  Zergling x10  
  33  3:16  Roach Warren  
  33  3:18  Overlord  
  33  3:19  Overlord  
  33  3:41  Zergling x2  
  33  3:42  Zergling x6  
  36  3:59  Zergling x2  
  36  4:00  Zergling x6  
  40  4:09  Roach x2  
  44  4:48  Spore Crawler  
  38  5:11  Zergling x2  
  38  5:12  Zergling x20  
  43  5:41  Zergling x2  
  43  5:42  Zergling x6  
  42  6:11  Drone x6  
  46  6:22  Drone x2  
  48  6:43  Spore Crawler  
  30  7:16  Roach x8  
  41  7:41  Lair  
  41  8:10  Overlord  
  41  8:11  Overlord x4  
  41  8:12  Overlord  
  40  8:40  Overseer  
  38  8:58  Roach Warren  
  37  9:07  Zergling x12  
  41  9:21  Hatchery  
  40  9:24  Zergling x2  
  40  9:25  Zergling x16  
  49  9:38  Hatchery  
  49  9:42  Pneumatized Carapace  
  48  9:53  Roach  
  48  9:54  Roach x3  
  55  10:16  Roach  
  55  10:17  Roach x2  
  35  11:46  Roach x2  
  35  11:47  Roach x7  
  39  12:09  Zergling x2  
  39  12:10  Zergling x2  
  35  12:50  Zergling x8  
  35  12:51  Zergling x10  
  29  13:27  Zergling x16  
  29  13:28  Zergling x2  
  21  14:10  Roach x2  
  21  14:11  Roach x7  
  39  14:51  Roach  
  39  14:52  Roach x4  
  49  15:47  Hatchery  
  38  17:16  Drone x3  
  41  17:52  Spawning Pool  
  40  18:00  Drone  
  40  18:01  Drone x2  
Tags
 
Add a new tag
Caveats
  • Supply blocks, unpowered buildings, or Contaminate may cause inaccurate times.
  • Supply counts are checked every 10 seconds.